 Dungeon Crawl Stone Soup version 0.26-a0-658-gbdda728c12 (webtiles) character file.

Game seed: 16796490208125623010

389 miket3c the Chopper (level 6, -22/84 HPs)
             Began as a Minotaur Berserker on Oct 4, 2020.
             Was a Believer of Trog.
             Annihilated by an ogre
             ... wielding a +0 giant spiked club
              (24 damage)
             ... on level 4 of the Dungeon.
             The game lasted 00:08:24 (2577 turns).

miket3c the Chopper (Minotaur Berserker)            Turns: 2577, Time: 00:08:25

Health: -22/84     AC: 11    Str: 24    XL:     6   Next: 49%
Magic:  5/5        EV:  9    Int:  4    God:    Trog [**....]
Gold:   204        SH:  0    Dex:  9    Spells: 5/5 levels left

rFire    + . .     SeeInvis .   a - +0 hand axe
rCold    x . .     Faith    .   (no shield)
rNeg     . . .     Spirit   .   m - +0 chain mail
rPois    .         Reflect  .   (helmet restricted)
rElec    .         Harm     .   (no cloak)
rCorr    .         Rampage  .   d - +0 pair of gloves
MR       .....                  l - +0 pair of boots {run}
Stlth    ..........             (no amulet)
HPRegen  0.24/turn              h - ring of fire
MPRegen  0.09/turn              (no ring)

@: berserking, very quick
A: retaliatory headbutt, horns 2
a: Berserk, Trog's Hand, Renounce Religion


You were on level 4 of the Dungeon.
You worshipped Trog.
Trog was pleased with you.
You visited 1 branch of the dungeon, and saw 4 of its levels.

You collected 204 gold pieces.

Inventory:

Hand Weapons
 a - a +0 hand axe (weapon)
Missiles
 c - 29 poisoned darts (quivered)
 e - 63 stones
 g - 6 boomerangs
 s - 2 atropa-tipped darts
Armour
 b - a +0 animal skin
 d - a +0 pair of gloves (worn)
 f - a +0 ring mail
 j - a +0 scale mail
 l - a +0 pair of boots of running (worn)
 m - a +0 chain mail (worn)
Jewellery
 h - a ring of fire (left hand)
Wands
 o - a wand of digging (6)
Scrolls
 i - a scroll of remove curse
 t - 2 scrolls of identify {unknown}
 v - a scroll of teleportation {unknown}
 w - 3 scrolls of random uselessness {unknown}
Potions
 k - a potion of stabbing {unknown}
 n - 2 potions of cancellation
 p - a potion of mutation {unknown}
 q - a potion of might
 r - a potion of resistance {unknown}
 u - a potion of curing {unknown}


   Skills:
 + Level 5.2 Fighting
 * Level 7.1 Axes
 + Level 0.1 Throwing
 + Level 3.3 Armour
 + Level 3.3 Dodging


You had 5 spell levels left.
You didn't know any spells.
Your spell library was empty.

Dungeon Overview and Level Annotations

Branches:
Dungeon (4/15)
 Temple: D:4-7

Altars:
Cheibriados
Elyvilon
Makhleb
Qazlal
Vehumet
Xom


Innate Abilities, Weirdness & Mutations

You reflexively headbutt those who attack you in melee.
You have a pair of horns on your head.


Message History

The ogre hits you with a +0 giant spiked club!
* * * LOW HITPOINT WARNING * * *
You closely miss the orc priest.
The orc priest is lightly wounded.
You barely miss the orc. You completely miss the ogre.
Your chain mail prevents you from hitting the orc priest.
The orc hits you with a +0 flail.
* * * LOW HITPOINT WARNING * * *
The orc priest calls down the wrath of Beogh upon you.
Beogh smites you!
* * * LOW HITPOINT WARNING * * *
Unknown command.
You slash the orc priest!
The orc priest is almost dead.
You hit the orc. You slash the ogre! You hit the orc.
You kill the orc!
Trog accepts your kill.
You hit the orc priest.
The ogre hits you with a +0 giant spiked club!!
You die...

#############
##.....#.....##
##.............##
#...............#
#.............<.#
#....o..........#
#.....oO).......#
#.....o@.......$#
...!..o$(.......#
...............#
..............#######
.....###.##.........#
..... #.##.........#
.>... #.##....[....#
####..##............#
........#.........#


You could see an ogre, 3 orc priests and an orc.

Vanquished Creatures
  A phantom (D:4)
  A howler monkey (D:4)
  2 orc wizards
  An orc priest (D:4)
  Terence (D:3)
  A hound skeleton (D:4)
  4 adders
  An adder skeleton (D:4)
  2 dart slugs
  2 worms
  2 leopard geckos
  13 orcs
  A ball python (D:1)
  6 giant cockroaches
  8 goblins
  6 hobgoblins
  2 jackals (D:2)
  A quokka (D:3)
  12 bats
  4 frilled lizards
  12 kobolds
  7 rats
90 creatures vanquished.

Notes
Turn   | Place    | Note
-------+----------+-------------------------------------------
     0 | D:1      | miket3c the Minotaur Berserker began the quest for the Orb.
     0 | D:1      | Reached XP level 1. HP: 19/19 MP: 0/0
   171 | D:1      | Reached skill level 4 in Axes
   199 | D:1      | Reached XP level 2. HP: 25/27 MP: 1/1
   632 | D:1      | Reached XP level 3. HP: 30/33 MP: 2/2
   954 | D:2      | Reached skill level 5 in Axes
   992 | D:2      | Reached ** piety under Trog
  1035 | D:2      | Reached XP level 4. HP: 34/40 MP: 3/3
  1100 | D:2      | Identified a +0 pair of boots of running (You found it on
                  | level 2 of the Dungeon)
  1626 | D:3      | Noticed Terence
  1633 | D:3      | Killed Terence
  1958 | D:3      | Reached XP level 5. HP: 47/47 MP: 4/4
  2144 | D:3      | Reached skill level 6 in Axes
  2242 | D:4      | Reached skill level 5 in Fighting
  2251 | D:4      | Reached XP level 6. HP: 56/56 MP: 5/5
  2253 | D:4      | Found a burning altar of Makhleb.
  2269 | D:4      | Found a stormy altar of Qazlal.
  2269 | D:4      | Found a snail-covered altar of Cheibriados.
  2338 | D:4      | Reached skill level 7 in Axes
  2377 | D:4      | Found a shimmering altar of Xom.
  2377 | D:4      | Found a white marble altar of Elyvilon.
  2378 | D:4      | Found a radiant altar of Vehumet.
  2576 | D:4      | HP: 2/84 [orc priest/divine providence (9)]
  2577 | D:4      | Annihilated by an ogre

Illustrated notes

Levels and vault maps discovered:
D:1:      enne_arrival_octagon_isle, layout_loops_ring, minmay_split_cup_small
D:2:      layout_rooms
D:3:      layout_loops_ring, uniq_terence
D:4:      layout_rooms, grunt_temple_overflow_open, st_stairs_10

Skill      XL: |  1  2  3  4  5  6 |
---------------+-------------------+-----
Axes           | 4 5 6 7 |  7.1
Fighting       | 4 5 |  5.2
Dodging        | 3 |  3.3
Armour         | 3 |  3.3
Throwing       | |  0.1

Action                   |  1- 3 |  4- 6 || total
-------------------------+-------+-------++-------
Melee: Hand axe          |    71 |   144 ||   215
       Headbutt          |     8 |    22 ||    30
Throw: Dart              |       |     2 ||     2
Invok: Berserk           |       |     2 ||     2
       Trog's Hand       |       |     1 ||     1
  Use: Potion            |       |     2 ||     2
       Scroll            |       |     3 ||     3
Armor: Animal skin       |     7 |       ||     7
       Ring mail         |    16 |       ||    16
       Scale mail        |     4 |       ||     4
       Chain mail        |       |    74 ||    74
Dodge: Dodged            |    61 |    64 ||   125

Table legend: (Time is in decaauts)
 A = Elapsed time spent in this place.
 B = Non-inter-level travel time spent in this place.
 C = Inter-level travel time spent in this place.
 D = Time resting spent in this place.
 E = Time spent auto-exploring this place.
 F = Levels seen in this place.
 G = Mean time per level.
                   A        B        C        D        E       F      G
               +--------+--------+--------+--------+--------+-----+--------+
         Total |   2493 |   2470 |     23 |    370 |   1446 |   4 |  623.2 |
       Dungeon |   2493 |   2470 |     23 |    370 |   1446 |   4 |  623.2 |
               +--------+--------+--------+--------+--------+-----+--------+

Top non-repeatable levels by time:
     D:1: 882 daAuts
     D:3: 747 daAuts
     D:2: 534 daAuts
     D:4: 328 daAuts
